 Dungeon Crawl Stone Soup version 0.31-a0-237-g2d982f9f85 (webtiles) character file.

Game seed: 6347885538595701583

163 qw the Shooter (level 5, -2/30 HPs)
             Began as a Gargoyle Hexslinger on July 11, 2023.
             Slain by a wight
             ... wielding a +3 war axe
              (10 damage)
             ... on level 4 of the Dungeon.
             The game lasted 00:01:02 (2281 turns).

qw the Shooter (Gargoyle Hexslinger)                Turns: 2281, Time: 00:01:02

Health: -2/30      AC: 10    Str: 11    XL:     5   Next: 44%
Magic:  6/6        EV: 11    Int: 14    God:
Gold:   179        SH:  0    Dex: 14    Spells: 5/6 levels left

rFire   + . .        Y - +2 sling
rCold   . . .        (no shield)
rNeg    + + .        i - +2 leather armour {rF+}
rPois   inf          (no helmet)
rElec   +            (no cloak)
rCorr   .            a - +0 pair of gloves
SInv    .            (no boots)
Will    .....        (no amulet)
Stlth   +            b - ring of positive energy
HPRegen 0.25/turn    (no ring)
MPRegen 0.10/turn

%: no passive effects
@: no status effects
A: sickness immunity, AC +4, negative energy resistance 1, electricity
resistance, torment resistance 1, petrification resistance
a: no special abilities


You were on level 4 of the Dungeon.
You visited 2 branches of the dungeon, and saw 5 of its levels.

You collected 179 gold pieces.


Innate Abilities, Weirdness & Mutations

You are immune to sickness and miasma.
Your stone body is resilient. (AC +4)
You are immune to poison.
You resist negative energy. (rN+)
You are resistant to electric shocks. (rElec)
You are resistant to unholy torment.
You are immune to petrification.


   Skills:
 + Level 2.2 Fighting
 - Level 5.1 Ranged Weapons
 - Level 1.5 Dodging
 - Level 1.0 Spellcasting
 - Level 2.6 Hexes


You had 5 spell levels left.
You knew the following spells:

 Your Spells              Type           Power      Damage    Failure   Level
a - Slow                  Hex            32%        N/A       12%         1

Your spell library contained the following spells:

 Spells                   Type           Power      Damage    Failure   Level
 Inner Flame              Hex/Fire       4%         N/A       52%         3
 Portal Projectile        Hex/Tloc       8%         N/A       52%         3
 Cause Fear               Hex            4%         N/A       75%         4

Inventory:

Hand Weapons
 Y - a +2 sling (weapon)
Armour
 a - a +0 pair of gloves (worn)
 i - a +2 leather armour of fire resistance (worn)
Jewellery
 b - a ring of positive energy (left hand)
Scrolls
 h - 4 scrolls of identify
Potions
 d - a potion of might
 f - 2 potions of haste
 g - a potion of cancellation

Dungeon Overview and Level Annotations

Branches:
Dungeon (4/15)             Temple (1/1) D:4

Altars:
Ashenzari
Qazlal
Sif Muna
Uskayaw
Wu Jian
Yredelemnul
Zin
The Shining One


Message History

The ball python hisses angrily.
Enter note:
Enter note:
Enter note:
Enter note:
Enter note:
Enter note: You shoot a sling bullet.
The sling bullet barely misses the ball python.
You shoot a sling bullet. The sling bullet hits the ball python.
You kill the ball python!
You see here a ball python corpse.
There is an open door here.
A wight comes into view. It is wielding a +3 war axe.
Enter note:
Enter note:
Enter note:
Enter note:
Enter note:
Enter note: You shoot a sling bullet.
The sling bullet hits the wight.
The wight is moderately damaged.
The wight hits you with a +3 war axe!
A mummy comes into view.
You shoot a sling bullet.
The sling bullet closely misses the wight.
The wight misses you. The wight barely misses you.
You shoot a sling bullet. The sling bullet hits the wight.
The wight is heavily damaged.
The wight misses you.
You shoot a sling bullet. The sling bullet hits the wight.
The wight is severely damaged.
The wight hits you but does no damage.
You shoot a sling bullet.
The sling bullet closely misses the wight.
The wight hits you with a +3 war axe. The mummy hits you but does no damage.
You shoot a sling bullet. The sling bullet hits the wight.
The wight is severely damaged.
The wight hits you with a +3 war axe! x2
You die...

#.......# #......###
#......%# #.###....##
########.# #.# ##.#..#
.........#####.# #.##.#
######.........####.##.#
+..............##.##
#8#.#8#...#######...
###'###...# ###. #@#
#...########## #.zM+
#.......?..... ###.#
############## '.+
############ #.#
#..........# '.+
#..........# #.#
#..........# '.+
#..........#
#..........###


You could see a mummy and a wight.

Vanquished Creatures
  A jelly (D:4)
  An iguana (D:4)
  3 adders (D:2)
  An adder zombie (D:4)
  A worm (D:3)
  5 orcs
  2 bats
  10 endoplasms
  A giant cockroach (D:2)
  3 goblins
  5 hobgoblins
  6 jackals
  2 quokkas (D:4)
  12 ball pythons
  3 frilled lizards
  5 kobolds
  A rat (D:3)
62 creatures vanquished.

Notes
Turn   | Place    | Note
-------+----------+-------------------------------------------
     0 | D:1      | qw the Gargoyle Hexslinger began the quest for the Orb.
     0 | D:1      | Reached XP level 1. HP: 12/12 MP: 2/2
     0 | D:1      | 0 ||| qw: Version: 0.3-a-52-g30416fa
     0 | D:1      | 0 ||| qw: Game counter: 5406
     0 | D:1      | 0 ||| qw: Melee chars always use a shield: true
     0 | D:1      | 0 ||| qw: God list: Okawaru
     0 | D:1      | 0 ||| qw: Allow faded altars: false
     0 | D:1      | 0 ||| qw: Do Orc after clearing Dungeon:15 true
     0 | D:1      | 0 ||| qw: Do second Lair branch before Depths: true
     0 | D:1      | 0 ||| qw: Lair rune preference: random
     0 | D:1      | 0 ||| qw: Goals: Normal
     0 | D:1      | 0 ||| PLANNING D:1-11
   154 | D:1      | Reached XP level 2. HP: 15/16 MP: 3/3
   327 | D:1      | Reached skill level 3 in Ranged Weapons
   539 | D:1      | 539 ||| READING scroll labelled VIF SYHOTH.
   543 | D:1      | 543 ||| READING 2 scrolls labelled LEOQUFUNWU.
   544 | D:1      | 544 ||| READING scroll labelled WEUWOS LOAV.
   546 | D:1      | 546 ||| DROPPING scroll of poison.
   547 | D:1      | 547 ||| DROPPING scroll of fog.
   593 | D:2      | Reached XP level 3. HP: 14/21 MP: 4/4
   612 | D:2      | 612 ||| FLEEEEING.
   619 | D:2      | 619 ||| STAIRDANCE
   966 | D:2      | Reached XP level 4. HP: 22/26 MP: 5/5
  1124 | D:2      | Reached skill level 4 in Ranged Weapons
  1259 | D:2      | 1259 ||| UPGRADING to +0 pair of gloves.
  1264 | D:2      | 1264 ||| UPGRADING to +2 leather armour of fire resistance.
  1274 | D:2      | 1274 ||| DROPPING +0 robe.
  1275 | D:2      | 1275 ||| UPGRADING to ring of positive energy.
  1276 | D:2      | 1276 ||| READING scroll labelled OGHIRRITHI.
  1277 | D:2      | 1277 ||| READING scroll labelled SUOSYLU WIGURR.
  1278 | D:2      | 1278 ||| READING 3 scrolls of identify.
  1278 | D:2      | 1278 ||| IDENTIFYING yellow potion
  1279 | D:2      | 1279 ||| READING 2 scrolls of identify.
  1279 | D:2      | 1279 ||| IDENTIFYING coppery potion
  1365 | D:3      | 1365 ||| FLEEEEING.
  1366 | D:3      | 1366 ||| FLEEEEING.
  1367 | D:3      | 1367 ||| FLEEEEING.
  1368 | D:3      | 1368 ||| FLEEEEING.
  1370 | D:3      | 1370 ||| STAIRDANCE
  1388 | D:2      | 1388 ||| READING 2 scrolls of identify.
  1388 | D:2      | 1388 ||| IDENTIFYING sedimented blue potion
  1389 | D:2      | 1389 ||| DROPPING potion of brilliance.
  1573 | D:3      | Found a faded altar of an unknown god.
  1714 | D:3      | 1714 ||| READING scroll labelled LUASOXK ZYAROA.
  1715 | D:3      | 1715 ||| DRINKING 2 fizzy ruby potions.
  1762 | D:4      | Reached XP level 5. HP: 28/30 MP: 6/6
  1774 | D:4      | Found a staircase to the Ecumenical Temple.
  1775 | D:4      | 1775 ||| PLANNING TEMPLE
  1785 | Temple   | Entered the Ecumenical Temple
  1854 | Temple   | 1854 ||| PLANNING D:1-11
  1955 | D:4      | Reached skill level 5 in Ranged Weapons
  2281 | D:4      | Slain by a wight

Levels and vault maps discovered:
D:1:      lightli_molten_gateway, layout_basic
D:2:      layout_loops_ring, kennysheep_generic_room_4
D:3:      layout_rooms, basic_ecumenical_altar
D:4:      layout_basic, lemuel_mausoleum_altar_kikubaaqudgha,
          minmay_temple_entry_statues_fountains, serial_shops,
          nicolae_shop_tiny_real_fake_doors
Temple:   nicolae_temple_colour_theory

Skill      XL: |  1  2  3  4  5 |
---------------+----------------+-----
Ranged Weapons | 3 4 5 |  5.1
Fighting       | 2 |  2.2
Dodging        | |  1.5
Spellcasting   | |  1.0
Hexes          | |  2.6

Action                     |  1- 3 |  4- 6 || total
---------------------------+-------+-------++-------
   Fire: Sling             |   114 |   111 ||   225
    Use: Scroll            |     3 |     6 ||     9
         Potion            |       |     1 ||     1
 Armour: Robe              |    26 |     1 ||    27
         Leather armour    |       |    31 ||    31
  Dodge: Dodged            |    62 |    28 ||    90

Table legend:
 A = Non-vault XP
 B = Vault XP
 C = Vault XP percentage of total XP
 D = Non-vault monster count
 E = Vault monster count
 F = Vault count percentage of total count
                 A         B        C        D         E       F
            +---------+---------+-------+---------+---------+-------
      Total |     228 |       6 |   2.6 |      60 |       2 |   3.2
            +---------+---------+-------+---------+---------+-------
        D:1 |      22 |       0 |   0.0 |      12 |       0 |   0.0
        D:2 |      76 |       1 |   1.3 |      23 |       1 |   4.2
        D:3 |      29 |       0 |   0.0 |      12 |       0 |   0.0
        D:4 |     101 |       5 |   4.7 |      13 |       1 |   7.1
            +---------+---------+-------+---------+---------+-------
